 Dungeon Crawl Stone Soup version 0.24-a0-475-g5b41c6f198 (webtiles) character file.

Game seed: 13113311927172147150

15562 Azzok the Destroyer (level 12, -14/74 HPs)
             Began as a Demonspawn Fire Elementalist on July 5, 2019.
             Was a High Priest of Vehumet.
             Demolished by a yak (15 damage)
             ... on level 8 of the Dungeon.
             The game lasted 00:24:32 (16822 turns).

Azzok the Destroyer (Demonspawn Fire Elementalist) Turns: 16822, Time: 00:24:33

Health: -14/74     AC: 12    Str: 10    XL:     12   Next: 2%
Magic:  24/35      EV: 12    Int: 21    God:    Vehumet [*****.]
Gold:   647        SH:  0    Dex: 13    Spells: 13/32 levels left

rFire    + . .     SeeInvis .   I - staff of conjuration
rCold    . . .     Gourm    .   (no shield)
rNeg     . . .     Faith    .   f - +2 robe {MR+}
rPois    .         Spirit   .   M - +2 hat
rElec    .         Reflect  .   G - +0 cloak
rCorr    .         Harm     .   p - +0 pair of gloves
MR       +....                  (no boots)
Stlth    +.........             (no amulet)
HPRegen  0.22/turn              y - ring of magical power
MPRegen  0.24/turn              b - ring of fire

@: very slightly contaminated, very slow
A: horns 2, iridescent scales 2, cold resistance 1, powered by pain 2
a: Renounce Religion


You were on level 8 of the Dungeon.
You worshipped Vehumet.
Vehumet was extremely pleased with you.
You were not hungry.

You visited 2 branches of the dungeon, and saw 13 of its levels.

You collected 647 gold pieces.

Inventory:

Hand Weapons
 s - the +6 whip "Anixodd" {slash, rElec rC- Dex+4}
   (You found it on level 4 of the Dungeon)

   It inflicts extra damage upon your enemies.
   It affects your dexterity (+4).
   It makes you vulnerable to cold.
   It insulates you from electricity.
Armour
 f - a +2 robe of magic resistance (worn)
 p - a +0 pair of gloves (worn)
 G - a +0 cloak (worn)
 M - a +2 hat (worn)
Magical Staves
 I - an uncursed staff of conjuration (weapon)
Jewellery
 b - a ring of fire (right hand)
 v - an uncursed ring of protection from fire
 y - a ring of magical power (left hand)
 D - an uncursed ring of poison resistance
 L - an uncursed ring of resist corrosion
 N - a cursed -2 ring of intelligence
Wands
 C - a wand of iceblast (16)
 F - a wand of digging (7)
 K - a wand of disintegration (31)
Scrolls
 a - a scroll of enchant armour {unknown}
 g - 4 scrolls of blinking {unknown}
 j - 4 scrolls of amnesia {unknown}
 k - 9 scrolls of remove curse
 m - a scroll of noise {unknown}
 q - 3 scrolls of fog {unknown}
 u - 2 scrolls of immolation {unknown}
 w - 3 scrolls of enchant weapon {unknown}
 x - 5 scrolls of teleportation {unknown}
 A - 2 scrolls of fear {unknown}
 B - 2 scrolls of magic mapping
 P - 2 scrolls of identify
Potions
 d - 3 potions of lignification
 e - 3 potions of flight
 h - 2 potions of heal wounds
 i - a potion of brilliance
 l - 2 potions of ambrosia
 n - 3 potions of curing
 o - 2 potions of invisibility
 r - a potion of agility
 t - 2 potions of mutation {!q}
 z - a potion of cancellation
 E - a potion of might
 H - a potion of haste
 J - a potion of resistance
Comestibles
 c - 7 rations
 O - 7 chunks of flesh


   Skills:
 - Level 1.7 Dodging
 - Level 1.7 Stealth
 + Level 10.6 Spellcasting
 + Level 11.3 Conjurations
 + Level 10.8 Fire Magic


You had 13 spell levels left.
You knew the following spells:

 Your Spells              Type           Power        Failure   Level  Hunger
a - Flame Tongue          Conj/Fire      #####        1%          1    None
b - Conjure Flame         Conj/Fire      #######.     1%          3    None
c - Sticky Flame          Conj/Fire      #######.     1%          4    ##.....
d - Fireball              Conj/Fire      #######...   1%          5    ####...
e - Bolt of Fire          Conj/Fire      #######...   2%          6    ######.

Your spell library contained the following spells:

 Spells                   Type           Power        Failure   Level  Hunger
 Freeze                   Ice            ##..         1%          1    None
 Throw Flame              Conj/Fire      ######       1%          2    None
 Throw Frost              Conj/Ice       ######       1%          2    None
 Inner Flame              Hex/Fire       ######..     1%          3    None
 Mephitic Cloud           Conj/Pois/Air  #####...     1%          3    None
 Throw Icicle             Conj/Ice       ######..     1%          4    ##.....
 Poisonous Vapours        Pois/Air       ##....       9%          2    None
 Ozocubu's Armour         Chrm/Ice       ##......     19%         3    None
 Freezing Cloud           Conj/Ice/Air   #####.....   43%         6    ######.
 Summon Ice Beast         Ice/Summ       ##......     52%         4    ##.....
 Ring of Flames           Chrm/Fire      ######....   99%         7    #######


Dungeon Overview and Level Annotations

Branches:
Dungeon (12/15)            Temple (0/1) D:6            Lair (1/6) D:8
    Orc (0/2) D:10

Altars:
Fedhas
Nemelex Xobeh
Okawaru
Uskayaw
Vehumet
Wu Jian
Xom
Yredelemnul
The Shining One

Shops:
D:6 :

Annotations:
D:5 2 transporters, hitsuchi's ghost, amateur HOMo
D:6 3 runed translucent doors, Loge's ghost, novice TeHu
D:9 3 runed translucent doors, exclusion: orange crystal statue
D:11 3 runed translucent doors, ivs's ghost, novice HaAs


Innate Abilities, Weirdness & Mutations

You have a pair of horns on your head.
You are mostly covered in iridescent scales. (AC +4)
Your flesh is cold resistant. (rC+)
You sometimes gain power by taking damage.


Message History

Okay, then.
Casting: Flame Tongue (safe; 1% risk of failure)
Confirm with . or Enter, or press ? or * to list all spells.
Aiming: Bolt of Fire (safe; 2% risk of failure)
Press: ? - help, Shift-Dir - straight line, f/p - yak
Aim: a yak (steam, moderately wounded)
You feel a strong surge of power!
The bolt of fire hits the yak!!!
You kill the yak!
Vehumet accepts your kill.
You feel your power returning. The yak gores you.
* * * LOW HITPOINT WARNING * * *
Casting: Bolt of Fire (safe; 2% risk of failure)
Confirm with . or Enter, or press ? or * to list all spells.
Aiming: Bolt of Fire (safe; 2% risk of failure)
Press: ? - help, Shift-Dir - straight line, f - yak
Aim: a yak You feel a strong surge of power!
You miscast Bolt of Fire.
You are very lightly contaminated with residual magic.
You smell something strange.
The yak gores you!
You die...

▒▒▒▒▒▒▒▒▒▒▒▒▒
▒▒▒▒▒▒···········▒▒▒▒▒
▒················▒···▒▒
▒·≈······≈············▒
▒··≈≈··≈·≈····≈···▒···▒
▒··≈≈≈≈≈≈≈····≈···▒···▒ ▒▒
▒·≈·≈≈≈≈≈·≈·≈≈····▒···▒▒
▒·
▒≈·≈≈≈≈≈≈≈≈≈@·····▒▒···▒
▒·
▒≈≈≈≈≈≈≈≈≈≈Y§·····▒▒···▒▒
▒·
▒≈≈≈≈≈·÷·≈·≈§≈≈···▒▒▒···▒▒
▒· ▒≈≈≈≈≈≈····≈≈≈····▒
▒▒···▒▒▒·
▒≈≈≈≈≈··>·≈·≈≈····▒
▒▒···▒▒·
▒≈≈≈≈≈·····≈≈≈≈≈··▒
▒···▒▒▒
▒≈≈≈≈≈≈····≈≈≈····▒
▒▒···▒▒
▒·≈≈≈≈≈····≈≈≈····▒ ▒···▒
▒··≈≈≈≈≈··≈≈≈·····▒▒▒▒
▒···▒▒


You could see a yak.

Vanquished Creatures
  2 skeletal warriors (D:12)
  An unseen horror (D:11)
  A manticore (D:12)
  An ugly thing (D:10)
  A centaur zombie (D:12)
  A black mamba (Lair:1)
  Psyche (D:11)
  A spiny frog (Lair:1)
  2 gargoyles
  A komodo dragon (Lair:1)
  A troll (D:8)
  3 slime creatures (D:9)
  4 hippogriffs
  A wraith (D:11)
  8 yaks
  A human (D:9)
  4 hungry ghosts
  Menkaure (D:4)
  A two-headed ogre zombie (D:10)
  2 water moccasins
  7 orc warriors
  A black bear (D:6)
  2 sky beasts (D:12)
  A phantom (D:10)
  15 centaurs
  5 ogres
  3 wolves (D:8)
  A crocodile (Lair:1)
  A big kobold (D:12)
  7 bullfrogs
  A wyvern zombie (D:12)
  2 scorpions
  16 killer bees
  A howler monkey (D:4)
  19 wights
  4 electric eels (D:8)
  8 crimson imps
  A bullfrog zombie (D:11)
  2 quasits
  Crazy Yiuf (D:5)
  4 orc priests
  10 hounds
  3 jellies
  3 bullfrog skeletons
  A centaur skeleton (D:7)
  An iguana (D:11)
  11 orc wizards
  3 worker ants
  7 ogre zombies (D:10)
  A hound zombie (D:4)
  A hound skeleton (D:9)
  7 gnolls (D:4)
  14 adders
  A shadow imp (D:6)
  2 oozes (D:1)
  An adder skeleton (D:4)
  2 worms
  3 dart slugs
  3 leopard geckos
  25 orcs
  11 bats
  5 giant cockroaches
  10 goblins
  3 hobgoblins
  5 jackals
  3 quokkas
  8 frilled lizards
  3 goblin zombies (D:10)
  3 hobgoblin skeletons (D:10)
  4 hobgoblin zombies (D:10)
  A jackal zombie (D:5)
  15 kobolds
  4 orc skeletons (D:10)
  11 orc zombies (D:10)
  A quokka skeleton (D:6)
  3 rats
329 creatures vanquished.

Notes
Turn   | Place    | Note
-------+----------+-------------------------------------------
     0 | D:1      | Azzok the Demonspawn Fire Elementalist began the quest for
                  | the Orb.
     0 | D:1      | Reached XP level 1. HP: 13/13 MP: 3/3
   351 | D:1      | Gained mutation: You are partially covered in iridescent
                  | scales. (AC +2) [demonic ancestry]
   351 | D:1      | Reached XP level 2. HP: 11/19 MP: 0/5
   958 | D:1      | Reached XP level 3. HP: 24/24 MP: 3/6
  1181 | D:1      | Reached skill level 2 in Conjurations
  1236 | D:1      | Learned a level 3 spell: Conjure Flame
  1925 | D:2      | Gained mutation: You sometimes gain a little power by
                  | taking damage. [demonic ancestry]
  1925 | D:2      | Reached XP level 4. HP: 30/30 MP: 4/8
  2732 | D:3      | Gained mutation: You have a pair of small horns on your
                  | head. [demonic ancestry]
  2732 | D:3      | Reached XP level 5. HP: 24/35 MP: 0/9
  2840 | D:3      | Found an iron altar of Okawaru.
  3197 | D:3      | Learned a level 4 spell: Sticky Flame
  3320 | D:3      | Found a sparkling altar of Nemelex Xobeh.
  3333 | D:3      | Found a radiant altar of Vehumet.
  3338 | D:3      | Found a glowing golden altar of the Shining One.
  3345 | D:3      | Became a worshipper of Vehumet
  3409 | D:4      | Reached skill level 3 in Conjurations
  3656 | D:4      | Noticed Menkaure
  3697 | D:4      | Killed Menkaure
  3697 | D:4      | Reached XP level 6. HP: 41/41 MP: 4/11
  4020 | D:4      | Reached skill level 4 in Conjurations
  4148 | D:4      | Gained mutation: You have a pair of horns on your head.
                  | [demonic ancestry]
  4148 | D:4      | Reached XP level 7. HP: 31/46 MP: 0/13
  4289 | D:4      | Got a translucent whip
  4317 | D:4      | Identified the +6 whip "Anixodd" {slash, rElec rC- Dex+4}
                  | (You found it on level 4 of the Dungeon)
  4368 | D:4      | Reached skill level 5 in Fire Magic
  5190 | D:5      | Entered Level 5 of the Dungeon
  5216 | D:5      | Found a transporter.
  5254 | D:5      | Found a transporter.
  5254 | D:5      | Noticed hitsuchi's ghost (amateur HOMo)
  5461 | D:5      | Reached * piety under Vehumet
  5461 | D:5      | Offered knowledge of Freeze by Vehumet.
  5461 | D:5      | Reached skill level 5 in Spellcasting
  5461 | D:5      | Reached skill level 5 in Conjurations
  5488 | D:5      | Learned a level 5 spell: Fireball
  5663 | D:5      | Found an ornate altar of the Wu Jian Council.
  5677 | D:5      | Found a hide-covered altar of Uskayaw.
  5799 | D:5      | Gained mutation: Your flesh is cold resistant. (rC+)
                  | [demonic ancestry]
  5799 | D:5      | Reached XP level 8. HP: 28/52 MP: 15/16
  5977 | D:5      | Found a runed translucent door.
  5978 | D:5      | Noticed Crazy Yiuf
  5985 | D:5      | Killed Crazy Yiuf
  6091 | D:5      | Found a shimmering altar of Xom.
  6109 | D:5      | Paralysed by a crimson imp for 2 turns
  6285 | D:6      | Found Corirphua's Book Shop.
  6292 | D:6      | Found a staircase to the Ecumenical Temple.
  6326 | D:6      | Found a blossoming altar of Fedhas.
  6351 | D:5      | Reached skill level 6 in Conjurations
  6901 | D:6      | Found a runed translucent gate.
  6902 | D:6      | Found a runed translucent gate.
  6920 | D:6      | Found a runed translucent gate.
  6922 | D:6      | Noticed Loge's ghost (novice TeHu)
  7518 | D:7      | Gained mutation: You are mostly covered in iridescent
                  | scales. (AC +4) [demonic ancestry]
  7518 | D:7      | Reached XP level 9. HP: 57/57 MP: 18/18
  7987 | D:8      | Reached ** piety under Vehumet
  7987 | D:8      | Offered knowledge of Shock by Vehumet.
  7987 | D:8      | Reached skill level 7 in Conjurations
  8283 | D:8      | Found a basalt altar of Yredelemnul.
  8476 | D:8      | Noticed a troll
  8490 | D:8      | Killed a troll
  8834 | D:8      | Found a staircase to the Lair.
  8883 | D:8      | Offered knowledge of Stone Arrow by Vehumet.
  8883 | D:8      | Reached skill level 8 in Conjurations
  9544 | D:8      | Reached XP level 10. HP: 56/63 MP: 2/21
  9960 | D:9      | Reached *** piety under Vehumet
 10350 | D:9      | Found a runed translucent door.
 10355 | D:9      | Found a runed translucent door.
 10369 | D:9      | Found a runed translucent door.
 10379 | D:9      | Found a runed translucent door.
 10547 | D:9      | Reached skill level 9 in Conjurations
 10885 | D:9      | Offered knowledge of Dazzling Spray by Vehumet.
 11342 | D:9      | Noticed an orange crystal statue
 11384 | D:10     | Entered Level 10 of the Dungeon
 12049 | D:10     | Reached **** piety under Vehumet
 12134 | D:10     | Found a staircase to the Orcish Mines.
 12476 | D:10     | Noticed a cyan ugly thing
 12480 | D:10     | Killed a cyan ugly thing
 12747 | D:10     | Offered knowledge of Olgreb's Toxic Radiance by Vehumet.
 13306 | D:11     | Reached XP level 11. HP: 68/68 MP: 21/24
 13310 | D:11     | Noticed Psyche
 13396 | D:11     | Killed Psyche
 13552 | D:11     | Reached skill level 10 in Conjurations
 13634 | D:11     | Found an iron altar of Okawaru.
 13912 | D:11     | Found a runed translucent gate.
 13913 | D:11     | Found a runed translucent gate.
 13914 | D:11     | Found a runed translucent gate.
 14545 | D:11     | Noticed an unseen horror
 14546 | D:11     | Killed an unseen horror
 14580 | D:11     | Noticed ivs's ghost (novice HaAs)
 14669 | D:12     | Reached skill level 10 in Fire Magic
 14833 | D:12     | Reached ***** piety under Vehumet
 14833 | D:12     | Offered knowledge of Bolt of Fire by Vehumet.
 14857 | D:12     | Learned a level 6 spell: Bolt of Fire
 14904 | D:12     | Noticed a skeletal warrior
 14904 | D:12     | Noticed a skeletal warrior
 14909 | D:12     | Killed a skeletal warrior
 14909 | D:12     | Reached skill level 10 in Spellcasting
 14910 | D:12     | Killed a skeletal warrior
 14910 | D:12     | Noticed a skeletal warrior
 16017 | D:12     | Reached skill level 11 in Conjurations
 16608 | Lair:1   | Entered Level 1 of the Lair of Beasts
 16644 | D:8      | Gained mutation: You sometimes gain power by taking damage.
                  | [demonic ancestry]
 16644 | D:8      | Reached XP level 12. HP: 37/74 MP: 4/26
 16820 | D:8      | HP: 2/74 [yak (8)]
 16822 | D:8      | Demolished by a yak

Levels and vault maps discovered:
D:1:      onia_arrival_pentagram, layout_basic
D:2:      layout_basic, serial_forest, infiniplex_forest_end_double,
          infiniplex_forest_straight_2, infiniplex_forest_fountain,
          infiniplex_forest_end_2, infiniplex_forest_zigzag_2,
          infiniplex_forest_lined_3
D:3:      layout_rooms, minmay_overflow_temple_star_quad, okawaru_trees_2
D:4:      layout_basic, first_ration, uniq_menkaure
D:5:      layout_rooms, led_xom_imps, nicolae_overflow_hidden_temple,
          gammafunk_ghost_arena, lemuel_tele_altar, uniq_crazy_yiuf_cottage
D:6:      layout_gridville, fedhas_altar_3, minmay_temple_entry_butterflies,
          gammafunk_ghost_necromancy, serial_shops, shop
D:7:      layout_cave_pools
D:8:      layout_rooms, erik_lair_island, basic_altar, serial_curves,
          eino_curves_01, eino_curves_02, eino_curves_04, eino_curves_02
D:9:      layout_loops_cross, grunt_pizzeria, minmay_statue_crystal_thing
D:10:     layout_loops_corners, zombieorc2_lemuel
D:11:     layout_irregular_city, basic_altar, gammafunk_ghost_spectres,
          uniq_psyche
D:12:     layout_stronghold
Lair:1:   layout_cave_pods

Skill      XL: |  1  2  3  4  5  6  7  8  9 10 11 |
---------------+----------------------------------+-----
Fire Magic     | 3 4 5 6 8 9 10 | 10.8
Conjurations   | 2 3 4 5 6 8 9 11 | 11.3
Spellcasting   | 3 4 5 6 7 9 10 | 10.6
Dodging        | |  1.7
Stealth        | |  1.7

Action                   |  1- 3 |  4- 6 |  7- 9 | 10-12 || total
-------------------------+-------+-------+-------+-------++-------
Melee: Unarmed           |    38 |       |       |       ||    38
       Short sword       |       |    24 |       |       ||    24
       Headbutt          |       |     3 |     7 |     1 ||    11
       Whip              |       |       |    49 |     2 ||    51
       Staff             |       |       |       |     2 ||     2
 Cast: Flame Tongue      |    74 |    86 |   157 |    61 ||   378
       Sticky Flame      |       |     5 |    25 |    22 ||    52
       Fireball          |       |       |    24 |   157 ||   181
       Conjure Flame     |       |       |     2 |     1 ||     3
       Bolt of Fire      |       |       |       |     1 ||     1
  Use: Scroll            |       |       |    11 |     8 ||    19
 Stab: Sleeping          |       |       |     1 |       ||     1
  Eat: Chunk             |     4 |     6 |    22 |    27 ||    59
       Ration            |       |       |     2 |    10 ||    12
Armor: Robe              |    31 |    15 |    62 |    18 ||   126
Dodge: Dodged            |    55 |    35 |   107 |    21 ||   218

Table legend:
 A = Non-vault XP
 B = Vault XP
 C = Vault XP percentage of total XP
 D = Non-vault monster count
 E = Vault monster count
 F = Vault count percentage of total count
                 A         B        C        D         E       F
            +---------+---------+-------+---------+---------+-------
      Total |   19485 |    2747 |  12.4 |     277 |      52 |  15.8
            +---------+---------+-------+---------+---------+-------
        D:1 |      71 |       0 |   0.0 |      34 |       0 |   0.0
        D:2 |      64 |       0 |   0.0 |      16 |       0 |   0.0
        D:3 |      87 |       0 |   0.0 |      16 |       0 |   0.0
        D:4 |     679 |     172 |  20.2 |      28 |       1 |   3.4
        D:5 |     714 |     240 |  25.2 |      13 |       5 |  27.8
        D:6 |     471 |       0 |   0.0 |      14 |       0 |   0.0
        D:7 |     626 |       0 |   0.0 |      10 |       0 |   0.0
        D:8 |    2105 |     827 |  28.2 |      26 |       8 |  23.5
        D:9 |    2380 |     196 |   7.6 |      33 |       1 |   2.9
       D:10 |    1739 |     864 |  33.2 |      13 |      36 |  73.5
       D:11 |    3025 |     448 |  12.9 |      24 |       1 |   4.0
       D:12 |    5910 |       0 |   0.0 |      44 |       0 |   0.0
     Lair:1 |    1614 |       0 |   0.0 |       6 |       0 |   0.0
            +---------+---------+-------+---------+---------+-------
